 Dungeon Crawl Stone Soup version 0.27-a0-1248-g57ac2eb73c (webtiles) character file.

Game seed: 4506799253410213463

85 Kinoniko the Chopper (level 4, 35/39 HPs)
             Began as a Hill Orc Monk on June 10, 2021.
             Quit the game on level 6 of the Dungeon.
             The game lasted 00:01:29 (1586 turns).

Kinoniko the Chopper (Hill Orc Monk)                Turns: 1586, Time: 00:01:30

Health: 35/39      AC:  6    Str: 14    XL:     4   Next: 48%
Magic:  4/4        EV:  9    Int: 10    God:
Gold:   60         SH:  0    Dex: 13    Spells: 3/3 levels left

rFire    . . .     SeeInvis .   d - +0 war axe
rCold    . . .     Faith    .   (no shield)
rNeg     . . .     Spirit   .   i - +0 scale mail
rPois    .         Reflect  .   (no helmet)
rElec    .         Harm     .   (no cloak)
rCorr    .         Rampage  .   (no gloves)
Will     .....                  (no boots)
Stlth    ..........             (no amulet)
HPRegen  0.13/turn              (no ring)
MPRegen  0.09/turn              (no ring)

@: no status effects
A: no striking features
a: no special abilities


You were on level 6 of the Dungeon.
You visited 1 branch of the dungeon, and saw 4 of its levels.

You collected 60 gold pieces.

Inventory:

Hand Weapons
 a - a +0 hand axe
 d - a +0 war axe (weapon)
Armour
 i - a +0 scale mail (worn)
Scrolls
 c - 3 scrolls of identify {unknown}
 e - a scroll of enchant weapon {unknown}
 f - a scroll of acquirement {unknown}
 g - a scroll of teleportation {unknown}
Potions
 b - a potion of lignification {unknown}
 h - a potion of haste {unknown}


   Skills:
 - Level 3.6 Fighting
 * Level 6.8 Axes
 - Level 2.4 Dodging
 - Level 1.5 Stealth


You had 3 spell levels left.
You didn't know any spells.
Your spell library contained the following spells:

 Spells                   Type           Power      Damage    Failure   Level
 Animate Skeleton         Necr           0%         N/A       86%         1
 Apportation              Tloc           0%         N/A       86%         1
 Corona                   Hex            0%         N/A       86%         1
 Summon Small Mammal      Summ           0%         N/A       86%         1


Dungeon Overview and Level Annotations

Branches:
Dungeon (4/15)             Temple (0/1) D:4

Altars:

Shops:
D:6 :**


Message History

Found 7 gold pieces.
Found a staircase to the Ecumenical Temple.
A dart slug comes into view.
You hear the rusting of a drain nearby.
The dart slug launches a dart at you. The slug dart hits you.
Found 21 sling bullets.
Found a scroll labelled YTAZAI JUQEEGE.
The dart slug bites you but does no damage.
You hit the dart slug but do no damage. The dart slug launches a dart at you.
The slug dart hits you.
You hit the dart slug.
The dart slug is moderately wounded.
You slash the dart slug!
You kill the dart slug!
No target in view!
No target in view!
No target in view!
No target in view!
No target in view!
No target in view!
No target in view!
No target in view!
No target in view!
No target in view!
No target in view!
No target in view!
No target in view!
No target in view!
You see here 21 sling bullets.
Found a leather armour.
You fall into a shaft and drop 2 floors!
The shaft crumbles and collapses.
Found a club.
Found three shops.
A hound comes into view.
The hound barks!
The hound moves out of view.
Found a scroll labelled YFOHATSOZO.
Are you sure you want to abandon this character and quit the game? (Confirm with "yes".)

## #.# ....
)....
.....#####
.........#
...^...@.#.#..#
♣.♣.♣?♣........
.∩.⌠.∩.........
♣.♣.♣.♣.......#
⌠...⌠.......##
♣.♣.♣ ♣.......#
.∩.⌠ ....#....
♣.♣ ♣..####..
.. .... ..


There were no monsters in sight!

Vanquished Creatures
  A water moccasin skeleton (D:4)
  An adder (D:2)
  A dart slug (D:4)
  An orc (D:4)
  3 ball pythons
  3 endoplasms (D:1)
  2 giant cockroaches (D:1)
  A goblin (D:2)
  A hobgoblin (D:1)
  2 jackals (D:1)
  3 quokkas
  A kobold (D:1)
  2 rats
22 creatures vanquished.

Notes
Turn   | Place    | Note
-------+----------+-------------------------------------------
     0 | D:1      | Kinoniko the Hill Orc Monk began the quest for the Orb.
     0 | D:1      | Reached XP level 1. HP: 19/19 MP: 1/1
   325 | D:1      | Reached XP level 2. HP: 26/26 MP: 2/2
   626 | D:1      | Reached skill level 5 in Axes
   729 | D:1      | Found a faded altar of an unknown god.
   880 | D:2      | Reached XP level 3. HP: 14/31 MP: 3/3
  1255 | D:2      | You fall into a shaft and drop 2 floors!
  1276 | D:4      | Reached skill level 6 in Axes
  1276 | D:4      | Reached XP level 4. HP: 7/39 MP: 4/4
  1557 | D:4      | Found a staircase to the Ecumenical Temple.
  1584 | D:4      | You fall into a shaft and drop 2 floors!
  1584 | D:6      | Found Tawylu's General Store.
  1584 | D:6      | Found Aharon's Book Emporium.
  1584 | D:6      | Found Mesmoj's Assorted Antiques.
  1586 | D:6      | Quit the game

Illustrated notes

Levels and vault maps discovered:
D:1:      lightli_arrival_boilingwater, layout_loops_ring,
          shapermc_ecumenical_altar_mp_highgroup
D:2:      layout_loops_cross, minmay_lizard_king
D:4:      layout_gridville, fedhas_altar_4, minmay_temple_entry_from_below_a,
          gup_sewer_entry_spiral, serial_shops, nicolae_shop_trees,
          grunt_decor_one_mirror, minmay_misc_feat_secret_circle, minmay_cupped
D:6:      layout_cave_pools, old_standard_altar,
          gammafunk_temple_overflow_pools, minmay_shop_grid_forest,
          minmay_misc_feat_roman

Skill      XL: |  1  2  3 |
---------------+----------+-----
Axes           | 5 6 |  6.8
Fighting       | |  3.6
Dodging        | |  2.4
Stealth        | |  1.5

Action                   |  1- 3 |  4- 6 || total
-------------------------+-------+-------++-------
Melee: Hand axe          |    66 |     2 ||    68
       War axe           |       |     7 ||     7
 Stab: Sleeping          |     2 |       ||     2
Armor: Leather armour    |     7 |       ||     7
       Scale mail        |    17 |     3 ||    20
Dodge: Dodged            |    38 |     3 ||    41

Table legend: (Time is in decaauts)
 A = Elapsed time spent in this place.
 B = Non-inter-level travel time spent in this place.
 C = Inter-level travel time spent in this place.
 D = Time resting spent in this place.
 E = Time spent auto-exploring this place.
 F = Levels seen in this place.
 G = Mean time per level.
                   A        B        C        D        E       F      G
               +--------+--------+--------+--------+--------+-----+--------+
         Total |   1593 |   1517 |     76 |    436 |    829 |   4 |  398.2 |
       Dungeon |   1593 |   1517 |     76 |    436 |    829 |   4 |  398.2 |
               +--------+--------+--------+--------+--------+-----+--------+

Top non-repeatable levels by time:
     D:1: 832 daAuts
     D:2: 429 daAuts
     D:4: 330 daAuts
     D:6: 1 daAuts
